AoeStats
← |MP| patrick

Arabia

508557503Analyzed
4v4 RM · 9d ago on Sep 23, 2026· 39m 42s· 8 players
Game mode
Random Map
Map size
Large (8 player)
Population
200
Speed
Normal
Resources
Standard
Victory
Conquest
Starting age
Dark Age
Ending age
Imperial Age
RankedLock teamsTeams togetherTeam positionsShared explorationLock speedFull tech treeHidden civsTurbo modeCheats
Victory
Defeat
🇦🇷 Wei · Argentina
1507
+13
🇺🇾 Shu · Uruguay
1498
+13
🇦🇷 Franks · Argentina
1465
+15
🇦🇷 Saracens · Argentina
1460
+15
🇺🇸 Franks · United States
1519
-16
🇨🇦 Persians · Canada
1477
-16
🇨🇳 Persians · China
1427
-14
🇨🇱 Slavs · Chile
1340
-10
mu hehe
5:25 Loom
8:50 Feudal Age
9:50 Double-Bit Axe
19:13 Castle Age
17:23 Gold Mining
17:44 Scale Barding Armor
18:22 Forging
19:55 Wheelbarrow
22:47 Bow Saw
23:28 Chain Barding Armor
29:54 Iron Casting
35:29 Hand Cart
37:49 Imperial Age
35:49 Fletching
36:57 Bodkin Arrow
36:30 Elite Skirmisher
mini_mike
10:05 Feudal Age
11:39 Loom
14:54 Castle Age
13:22 Double-Bit Axe
14:09 Horse Collar
17:45 Husbandry
22:22 Bloodlines
22:50 Scale Barding Armor
24:26 Chain Barding Armor
26:03 Wheelbarrow
25:14 Town Watch
26:34 Forging
33:27 Iron Casting
35:53 Fletching
ASOT
6:50 Loom
9:05 Feudal Age
9:35 Double-Bit Axe
10:04 Horse Collar
12:03 Forging
zbtl458613
3:07 Loom
27:40 Feudal Age
29:10 Horse Collar
29:18 Double-Bit Axe
35:13 Castle Age
35:44 Pikeman
36:24 Squires
[MP] Lauchav
6:57 Loom
9:42 Feudal Age
22:51 Castle Age
24:59 Fletching
26:16 Double-Bit Axe
35:34 Scale Barding Armor
35:42 Forging
36:33 Wheelbarrow
36:33 Scale Barding Armor
36:50 Scale Barding Armor
38:44 Hand Cart
39:25 Iron Casting
40:10 Chain Barding Armor
|MP| Callejé de Boedo
4:51 Loom
41:35 Feudal Age
|MP| Luriel
6:28 Loom
9:03 Feudal Age
9:48 Double-Bit Axe
12:53 Fletching
19:08 Wheelbarrow
19:05 Horse Collar
23:11 Castle Age
21:20 Gold Mining
21:54 Padded Archer Armor
23:13 Crossbowman
24:05 Bow Saw
24:05 Bodkin Arrow
24:35 Thumb Ring
28:19 Ballistics
28:31 Leather Archer Armor
28:35 Scale Mail Armor
28:45 Forging
28:38 Squires
28:23 Arson
29:06 Pikeman
31:08 Gold Shaft Mining
30:38 Heavy Plow
30:54 Chain Mail Armor
33:28 Town Watch
40:04 Imperial Age
|MP| patrick
7:32 Loom
9:56 Feudal Age
10:24 Double-Bit Axe
10:20 Horse Collar
18:27 Gold Mining
21:09 Castle Age
19:33 Scale Barding Armor
19:39 Forging
20:20 Bloodlines
22:11 Bow Saw
22:03 Husbandry
21:24 Light Cavalry
23:57 Chain Barding Armor
25:37 Heavy Plow
28:45 Wheelbarrow
27:55 Town Watch
30:45 Iron Casting
31:32 Hand Cart
39:57 Imperial Age
38:11 Stone Mining
38:59 Gold Shaft Mining
38:30 Tuntian
Connection lost

Rejoining the realm…

Still unreachable

The connection could not be restored.

Session expired

The server has moved on; the page needs a fresh start.